PBL
TROIS-RIVERES AIGLES @ YORK REVOLUTION
10/02/2044
 
TOP OF THE 1ST
Trois-Riveres Aigles batting - Pitching for York Revolution : RHP Marcos Tapia
Pitching: RHP Marcos Tapia
Batting: LHB Jonathan Spino 0-0: Ball
1-0: Foul Ball, location: 2F
1-1: Called Strike
1-2: Foul Ball, location: 2F
1-2: SOLO HOME RUN (Flyball, 9LD, EV 91.2 MPH), Distance : 330 ft
Batting: SHB Dave Reynoso 0-0: Foul Ball, location: 2F
0-1: Foul Ball, location: 2F
0-2: Strikes out swinging
Batting: LHB Darryl Gonnella 0-0: Foul Ball, location: 2F
0-1: Ball
1-1: Ball
2-1: SINGLE (Line Drive, 78S, EV 99.4 MPH)
Batting: RHB Sesto Carpini 0-0: Foul Ball, location: 2F
0-1: Called Strike
0-2: Fly out, F8 (Flyball, 8RS, EV 86.9 MPH)
Batting: LHB Harris Vink 0-0: Ball
1-0: Foul Ball, location: 2F
1-1: Fly out, F8 (Flyball, 8RD, EV 78.8 MPH)
Top of the 1st over - 1 run, 2 hits, 0 errors, 1 left on base; Trois-Riveres 1 - York 0
BOTTOM OF THE 1ST
York Revolution batting - Pitching for Trois-Riveres Aigles : RHP Jaime Astacio
Pitching: RHP Jaime Astacio
Batting: RHB Tony Perez 0-0: Ball
1-0: Swinging Strike
1-1: Ball
2-1: SINGLE (Groundball, 56D, EV 99.4 MPH)
Batting: RHB Chris Myers 0-0: Ball
Tony Perez steals 2nd base
1-0: Called Strike
1-1: SINGLE (Groundball, 6MD, EV 99.4 MPH) (infield hit)
Tony Perez to third
Batting: RHB Trent Hedrick 0-0: Fielders Choice at 2nd, 6-4 (Groundball, 6D, EV 101.2 MPH)
Tony Perez scores
Batting: RHB Jose Corral 0-0: Called Strike
0-1: Foul Ball, location: 2F
0-2: Ball
1-2: Ball
2-2: Foul Ball, location: 2F
2-2: SINGLE (Groundball, 6MD, EV 105.6 MPH)
Trent Hedrick to second
Runner from 2nd tries for 3rd, SAFE, throw by CF made to third
Batting: RHB Victor Arias 0-0: Foul Ball, location: 2F
0-1: Foul Ball, location: 2F
0-2: Ball
1-2: Ground out 5-3 (Groundball, 5S, EV 64.4 MPH)
Trent Hedrick scores
Jose Corral to second
Batting: RHB Zach Slot 0-0: Ball
1-0: Ground out 1-3 (Groundball, 15, EV 66.9 MPH)
Bottom of the 1st over - 2 runs, 3 hits, 0 errors, 1 left on base; Trois-Riveres 1 - York 2
TOP OF THE 2ND
Trois-Riveres Aigles batting - Pitching for York Revolution : RHP Marcos Tapia
Batting: RHB Nelle Lommen 0-0: Called Strike
0-1: Ground out 4-3 (Groundball, 4MD, EV 90.0 MPH)
Batting: RHB Dave Galloway 0-0: Ball
1-0: Swinging Strike
1-1: Ball
2-1: Foul Ball, location: 2F
2-2: Foul Ball, location: 2F
2-2: Foul Ball, location: 2F
2-2: Ball
3-2: Base on Balls
Batting: SHB Joshua Jackson 0-0: Ball
1-0: SINGLE (Line Drive, 78M, EV 104.4 MPH)
Dave Galloway to second
Batting: RHB Josh Harmon 0-0: Called Strike
0-1: Ball
1-1: Ball
2-1: Fielders Choice at 2nd, 3-6 (Groundball, 3, EV 91.9 MPH)
Dave Galloway to third
Batting: LHB Jonathan Spino 0-0: Called Strike
0-1: Ball
1-1: Ball
2-1: Fly out, F7 (Flyball, 7, EV 96.2 MPH)
Top of the 2nd over - 0 runs, 1 hit, 0 errors, 2 left on base; Trois-Riveres 1 - York 2
BOTTOM OF THE 2ND
York Revolution batting - Pitching for Trois-Riveres Aigles : RHP Jaime Astacio
Batting: RHB Dave Gallegos 0-0: Ground out 1-3 (Groundball, 13S, EV 60.6 MPH)
Batting: SHB Brett St. Clair 0-0: Called Strike
0-1: Ball
1-1: Foul Ball, location: 2F
1-2: Ball
2-2: Ball
3-2: Strikes out looking
Batting: RHB Corey Harris 0-0: Ball
1-0: Fly out, F9 (Line Drive, 9, EV 92.5 MPH)
Bottom of the 2nd over - 0 runs, 0 hits, 0 errors, 0 left on base; Trois-Riveres 1 - York 2
TOP OF THE 3RD
Trois-Riveres Aigles batting - Pitching for York Revolution : RHP Marcos Tapia
Batting: SHB Dave Reynoso 0-0: Ball
1-0: Ground out 6-3 (Groundball, 6M, EV 94.4 MPH)
Batting: LHB Darryl Gonnella 0-0: TRIPLE (Flyball, 89XD, EV 94.4 MPH)
Batting: RHB Sesto Carpini 0-0: Ball
1-0: Called Strike
1-1: Swinging Strike
1-2: Foul Ball, location: 2F
1-2: Ball
2-2: Fly out, F9 (Flyball, 9S, EV 83.8 MPH)
Batting: LHB Harris Vink 0-0: Called Strike
0-1: Fly out, F9 (Flyball, 9S, EV 83.1 MPH)
Top of the 3rd over - 0 runs, 1 hit, 0 errors, 1 left on base; Trois-Riveres 1 - York 2
BOTTOM OF THE 3RD
York Revolution batting - Pitching for Trois-Riveres Aigles : RHP Jaime Astacio
Batting: RHB Tony Perez 0-0: Ball
1-0: Swinging Strike
1-1: Ground out 5-3 (Groundball, 5, EV 101.9 MPH)
Batting: RHB Chris Myers 0-0: Ball
1-0: Called Strike
1-1: Foul Ball, location: 2F
1-2: Ground out 5-3 (Groundball, 56S, EV 83.1 MPH)
Batting: RHB Trent Hedrick 0-0: Ball
1-0: SINGLE (Groundball, 34D, EV 95.0 MPH)
Batting: RHB Jose Corral 0-0: Ball
Trent Hedrick steals 2nd base
1-0: Foul Ball, location: 2F
1-1: 2-RUN HOME RUN (Flyball, 89XD, EV 99.4 MPH), Distance : 400 ft
Batting: RHB Victor Arias 0-0: Ball
1-0: Called Strike
1-1: Ball
2-1: Foul Ball, location: 2F
2-2: Ball
3-2: SINGLE (Groundball, 34D, EV 103.8 MPH)
Batting: RHB Zach Slot 0-0: Called Strike
0-1: Foul Ball, location: 2F
0-2: Foul Ball, location: 2F
0-2: Fly out, F8 (Line Drive, 8RM, EV 95.6 MPH)
Bottom of the 3rd over - 2 runs, 3 hits, 0 errors, 1 left on base; Trois-Riveres 1 - York 4
TOP OF THE 4TH
Trois-Riveres Aigles batting - Pitching for York Revolution : RHP Marcos Tapia
Batting: RHB Nelle Lommen 0-0: Ground out 4-3 (Groundball, 34, EV 110.6 MPH)
Batting: RHB Dave Galloway 0-0: Ball
1-0: Called Strike
1-1: Foul Ball, location: 2F
1-2: Foul Ball, location: 2F
1-2: Ground out 5-3 (Groundball, 5, EV 82.5 MPH)
Batting: SHB Joshua Jackson 0-0: Ball
1-0: Called Strike
1-1: Foul Ball, location: 2F
1-2: Ball
2-2: Ball
3-2: SINGLE (Groundball, 6D, EV 105.0 MPH)
Batting: RHB Josh Harmon 0-0: Ball
1-0: Swinging Strike
1-1: Ball
2-1: Foul Ball, location: 2F
2-2: Strikes out swinging
Top of the 4th over - 0 runs, 1 hit, 0 errors, 1 left on base; Trois-Riveres 1 - York 4
BOTTOM OF THE 4TH
York Revolution batting - Pitching for Trois-Riveres Aigles : RHP Jaime Astacio
Batting: RHB Dave Gallegos 0-0: Ball
1-0: Foul Ball, location: 2F
1-1: Reached on error, E5 (Flyball, 5D, EV 85.0 MPH)
Batting: SHB Brett St. Clair 0-0: Fly out, F8 (Flyball, 8LD, EV 106.2 MPH)
Batting: RHB Corey Harris 0-0: Grounds into double play, 5-4-3 (Groundball, 15, EV 84.4 MPH)
Bottom of the 4th over - 0 runs, 0 hits, 1 error, 0 left on base; Trois-Riveres 1 - York 4
TOP OF THE 5TH
Trois-Riveres Aigles batting - Pitching for York Revolution : RHP Marcos Tapia
Batting: LHB Jonathan Spino 0-0: Ball
1-0: SINGLE (Groundball, 6D, EV 110.0 MPH)
Batting: SHB Dave Reynoso 0-0: Called Strike
0-1: Fielders Choice at 2nd, 4-6 (Groundball, 4, EV 86.2 MPH)
Batting: LHB Darryl Gonnella 0-0: Ball
Dave Reynoso steals 2nd base
1-0: Ball
Dave Reynoso is caught stealing 3rd base 2-5
2-0: Ball
3-0: Called Strike
3-1: Base on Balls
Batting: RHB Sesto Carpini 0-0: Ball
1-0: Ball
2-0: Ball
3-0: Called Strike
3-1: Fly out, F4 (Popup, 4D, EV 52.5 MPH)
Top of the 5th over - 0 runs, 1 hit, 0 errors, 1 left on base; Trois-Riveres 1 - York 4
BOTTOM OF THE 5TH
York Revolution batting - Pitching for Trois-Riveres Aigles : RHP Jaime Astacio
Batting: RHB Tony Perez 0-0: Called Strike
0-1: Ball
1-1: Foul Ball, location: 2F
1-2: Ball
2-2: Ball
3-2: Ground out 6-3 (Groundball, 6MD, EV 105.0 MPH)
Batting: RHB Chris Myers 0-0: Fly out, F9 (Flyball, 89M, EV 84.4 MPH)
Batting: RHB Trent Hedrick 0-0: Foul Ball, location: 2F
0-1: Foul Ball, location: 2F
0-2: Ball
1-2: Ball
2-2: Foul Ball, location: 2F
2-2: Ground out 5-3 (Groundball, 56, EV 99.4 MPH)
Bottom of the 5th over - 0 runs, 0 hits, 0 errors, 0 left on base; Trois-Riveres 1 - York 4
TOP OF THE 6TH
Trois-Riveres Aigles batting - Pitching for York Revolution : RHP Marcos Tapia
Batting: LHB Harris Vink 0-0: Ball
1-0: Fly out, F7 (Flyball, 7S, EV 82.5 MPH)
Batting: RHB Nelle Lommen 0-0: Ground out 1-3 (Groundball, 15, EV 67.5 MPH)
Batting: RHB Dave Galloway 0-0: Ball
1-0: Called Strike
1-1: Ball
2-1: Foul Ball, location: 2F
2-2: Ball
3-2: Foul Ball, location: 2F
3-2: Foul Ball, location: 2F
3-2: Base on Balls
Pitching: LHP Hiroshi Mukae
Batting: SHB Joshua Jackson 0-0: Ball
1-0: Called Strike
1-1: Fly out, F8 (Flyball, 8LM, EV 98.8 MPH)
Top of the 6th over - 0 runs, 0 hits, 0 errors, 1 left on base; Trois-Riveres 1 - York 4
BOTTOM OF THE 6TH
York Revolution batting - Pitching for Trois-Riveres Aigles : RHP Jaime Astacio
Batting: RHB Jose Corral 0-0: Swinging Strike
0-1: Foul Ball, location: 5F, Error on foul ball, E5
0-2: Strikes out looking
Batting: RHB Victor Arias 0-0: Called Strike
0-1: Fly out, F9 (Flyball, 89D, EV 104.4 MPH)
Batting: RHB Zach Slot 0-0: Swinging Strike
0-1: Foul Ball, location: 2F
0-2: Strikes out swinging
Bottom of the 6th over - 0 runs, 0 hits, 1 error, 0 left on base; Trois-Riveres 1 - York 4
TOP OF THE 7TH
Trois-Riveres Aigles batting - Pitching for York Revolution : LHP Hiroshi Mukae
Batting: RHB Josh Harmon 0-0: Swinging Strike
0-1: Ball
1-1: Foul Ball, location: 2F
1-2: Ball
2-2: Strikes out swinging
Batting: LHB Jonathan Spino 0-0: Ball
1-0: Swinging Strike
1-1: Swinging Strike
1-2: Strikes out swinging
Batting: SHB Dave Reynoso 0-0: Swinging Strike
0-1: Swinging Strike
0-2: Ball
1-2: Strikes out swinging
Top of the 7th over - 0 runs, 0 hits, 0 errors, 0 left on base; Trois-Riveres 1 - York 4
BOTTOM OF THE 7TH
York Revolution batting - Pitching for Trois-Riveres Aigles : RHP Jaime Astacio
Batting: RHB Dave Gallegos 0-0: Ball
1-0: Foul Ball, location: 2F
1-1: Ball
2-1: Ball
3-1: Foul Ball, location: 2F
3-2: Ground out 6-3 (Groundball, 6M, EV 88.8 MPH)
Batting: SHB Brett St. Clair 0-0: Ball
1-0: Swinging Strike
1-1: DOUBLE (Flyball, 8LXD, EV 108.8 MPH)
Batting: RHB Corey Harris 0-0: Ball
1-0: Fly out, F9 (Flyball, 9, EV 65.6 MPH)
Batting: RHB Tony Perez 0-0: Called Strike
0-1: Called Strike
0-2: Strikes out swinging
Bottom of the 7th over - 0 runs, 1 hit, 0 errors, 1 left on base; Trois-Riveres 1 - York 4
TOP OF THE 8TH
Trois-Riveres Aigles batting - Pitching for York Revolution : LHP Hiroshi Mukae
Batting: LHB Darryl Gonnella 0-0: Called Strike
0-1: Ground out 6-3 (Groundball, 6, EV 85.0 MPH)
Batting: RHB Sesto Carpini 0-0: Foul Ball, location: 2F
0-1: Ball
1-1: Ball
2-1: Ball
3-1: Base on Balls
Batting: LHB Harris Vink 0-0: Foul Ball, location: 2F
0-1: Foul Ball, location: 2F
0-2: Foul Ball, location: 2F
0-2: Ball
1-2: Ball
2-2: Ball
3-2: Strikes out swinging
Batting: RHB Nelle Lommen 0-0: Foul Ball, location: 2F
0-1: Ball
1-1: SINGLE (Groundball, 3S, EV 60.6 MPH) (infield hit)
Sesto Carpini to second
Batting: RHB Dave Galloway 0-0: Foul Ball, location: 2F
0-1: Ball
1-1: Swinging Strike
1-2: Foul Ball, location: 2F
1-2: Ball
2-2: Ball
3-2: Foul Ball, location: 2F
3-2: Base on Balls
Sesto Carpini to third
Nelle Lommen to second
Pitching: RHP Jonathan Beishline
Batting: SHB Joshua Jackson 0-0: Fly out, F9 (Flyball, 9D, EV 107.5 MPH)
Top of the 8th over - 0 runs, 1 hit, 0 errors, 3 left on base; Trois-Riveres 1 - York 4
BOTTOM OF THE 8TH
York Revolution batting - Pitching for Trois-Riveres Aigles : RHP Jaime Astacio
Batting: RHB Chris Myers 0-0: Called Strike
0-1: Ball
1-1: Fly out, F7 (Flyball, 7LD, EV 93.8 MPH)
Batting: RHB Trent Hedrick 0-0: Fly out, F4 (Flyball, 4D, EV 91.9 MPH)
Batting: RHB Jose Corral 0-0: Called Strike
0-1: Foul Ball, location: 2F
0-2: SOLO HOME RUN (Flyball, 9LD, EV 91.9 MPH), Distance : 356 ft
Pitching: RHP David Hardy
Batting: RHB Victor Arias 0-0: Ball
1-0: Ball
2-0: Foul Ball, location: 2F
2-1: Foul Ball, location: 2F
2-2: Foul Ball, location: 2F
2-2: Strikes out swinging
Bottom of the 8th over - 1 run, 1 hit, 0 errors, 0 left on base; Trois-Riveres 1 - York 5
TOP OF THE 9TH
Trois-Riveres Aigles batting - Pitching for York Revolution : RHP Jonathan Beishline
Batting: SHB Ray Luna 0-0: Foul Ball, location: 2F
0-1: Ground out U3 (Groundball, 3, EV 80.6 MPH)
Batting: LHB Jonathan Spino 0-0: Ball
1-0: Called Strike
1-1: Foul Ball, location: 2F
1-2: Strikes out swinging
Batting: SHB Dave Reynoso 0-0: Fly out, F8 (Flyball, 8LM, EV 96.2 MPH)
Top of the 9th over - 0 runs, 0 hits, 0 errors, 0 left on base; Trois-Riveres 1 - York 5
Thursday, March 31st , 2022 - OOTP Baseball 22.12 Build 89